Map: Pillars of Gold LE

Players

Kachinsky

  • Race: Terran Terran
  • League: Silver
  • Spawn Location: 7:00

FLORENCIO - Winner!

  • Race: Zerg Zerg
  • League: Platinum
  • Spawn Location: 1:00

VOD

Have the link to the VOD?

Description

Time

  • Played on: Jan. 28, 2021, 6:20 p.m.
  • Length: 19:12
Show
View Real Time Build Order
Export as new Build Order

Kachinsky Terran 

Build Orders:  

Get SALT Encoding   

  12  0:02  SCV  
  13  0:14  SCV  
  13  0:17  Supply Depot  
  14  0:27  SCV  
  15  0:35  Refinery  
  15  0:39  SCV  
  16  0:48  Barracks  
  16  1:01  SCV  
  16  1:03  Supply Depot  
  17  1:13  SCV  
  18  1:25  SCV  
  19  1:36  Reaper  
  19  1:37  SCV  
  21  1:42  Barracks  
  21  1:46  Bunker  
  21  1:54  Orbital Command  
  21  2:14  Bunker  
  21  2:19  Reaper  
  22  2:42  Reaper  
  23  2:49  Barracks  
  23  3:00  Factory  
  23  3:02  Marine  
  24  3:14  Marine  
  24  3:17  Bunker  
  25  3:22  Marine  
  26  3:29  Refinery  
  26  3:32  Marine  
  27  3:43  Marine x2  
  27  3:48  Factory Tech Lab  
  29  3:50  Marine  
  29  3:51  Engineering Bay  
  30  4:06  Marine  
  31  4:15  Supply Depot  
  31  4:18  Supply Depot x2  
  31  4:19  Supply Depot  
  31  4:23  Command Center  
  31  4:36  Marine x3  
  34  4:45  Missile Turret  
  34  4:54  Marine  
  34  4:59  Siege Tank  
  38  5:07  SCV  
  39  5:19  SCV  
  40  5:21  Sensor Tower  
  40  5:29  Terran Infantry Weapons Level 1  
  40  5:44  Reaper x3  
  37  6:16  Marine  
  38  6:30  Marine  
  38  6:31  Marine  
  43  6:32  Siege Tank  
  43  6:34  Marine  
  44  6:45  Orbital Command  
  44  6:48  Marine x2  
  46  7:13  Barracks Reactor  
  46  7:20  Barracks Tech Lab  
  46  7:36  Barracks Tech Lab  
  46  7:47  Orbital Command  
  46  8:09  Supply Depot x2  
  46  8:10  Marine x4  
  50  8:15  Cyclone  
  53  8:27  Marine, SCV x2  
  53  8:33  Supply Depot  
  56  8:34  Supply Depot  
  56  8:39  SCV x2  
  58  8:45  Starport  
  58  8:51  Starport  
  58  8:57  Supply Depot  
  35  9:40  Marine x3  
  38  9:46  SCV  
  38  9:47  SCV  
  40  9:56  Marine  
  40  9:57  Siege Tank  
  40  9:58  Marine x2  
  44  10:07  Liberator x2  
  44  10:12  SCV x2  
  52  10:17  Refinery  
  52  10:20  Missile Turret  
  52  10:24  Marine x4, SCV  
  43  10:37  Siege Tank  
  43  10:42  Marine x4, Stimpack  
  49  10:48  SCV x2  
  52  10:54  Refinery  
  52  11:00  Marine x3, SCV x2  
  57  11:22  SCV  
  57  11:23  SCV  
  57  11:24  Terran Infantry Armor Level 1  
  59  11:27  Marine x2  
  59  11:28  Marauder x2  
  59  11:30  Siege Tank  
  59  11:31  Liberator  
  71  11:35  SCV x2  
  50  12:01  Orbital Command  
  47  12:16  SCV  
  48  12:28  SCV  
  48  12:29  Missile Turret  
  49  12:34  SCV  
  50  12:41  Missile Turret x2  
  50  12:46  SCV  
  51  12:58  SCV  
  47  13:00  Command Center  
  44  13:09  Marine x4  
  44  13:10  Siege Tank, SCV  
  43  13:24  SCV x2  
  43  13:26  Marine  
  43  13:27  Marine  
  43  13:36  SCV x2  
  44  13:47  Marine x2  
  44  13:48  Marauder  
  48  13:50  Viking, Medivac  
  52  13:56  Marine  
  53  14:04  Marine  
  53  14:06  Refinery  
  55  14:10  SCV x2  
  55  14:16  Marine x3  
  59  14:22  Marine, SCV  
  61  14:34  Marine x2  
  61  14:36  Siege Tank  
  66  14:50  Marine x2  
  66  14:51  Marine  
  69  15:06  Command Center  
  69  15:11  Armory  
  66  15:30  Marine x2  
  68  15:48  Marine x2  
Show
View Real Time Build Order
Export as new Build Order

FLORENCIO Zerg - Winner!

Build Orders: Pool First, Swarm Host 

Get SALT Encoding   

  12  0:03  Drone  
  13  0:08  Drone  
  14  0:19  Overlord  
  14  0:37  Drone x2  
  16  0:46  Spawning Pool, Drone  
  16  0:51  Extractor  
  16  0:52  Drone  
  16  0:59  Drone  
  17  1:11  Drone  
  18  1:26  Drone  
  19  1:33  Queen  
  21  1:41  Hatchery  
  21  1:47  Overlord  
  20  1:54  Zergling x4  
  22  2:08  Extractor  
  21  2:09  Burrow  
  21  2:10  Drone  
  22  2:25  Drone x2  
  24  2:33  Roach Warren  
  24  2:35  Drone  
  24  2:41  Drone  
  24  2:42  Drone x2  
  27  3:11  Zergling x2  
  27  3:12  Zergling x4, Baneling Nest  
  29  3:19  Overlord x2  
  29  3:32  Roach x3  
  35  3:40  Spore Crawler  
  34  3:52  Drone  
  34  3:53  Drone  
  36  3:56  Baneling  
  36  3:57  Baneling x3  
  36  4:03  Baneling x6  
  36  4:16  Baneling x2  
  36  4:37  Hatchery  
  35  4:45  Spore Crawler  
  34  4:46  Spore Crawler  
  34  4:48  Drone x4  
  37  5:05  Overlord x2  
  37  5:15  Lair  
  37  5:36  Drone x5  
  42  5:51  Drone  
  42  5:52  Queen  
  45  6:12  Roach x3, Hatchery  
  45  6:17  Spore Crawler  
  49  6:29  Overlord x3  
  49  6:35  Extractor  
  49  6:36  Extractor  
  47  6:47  Hydralisk Den  
  46  6:59  Drone x5  
  51  7:13  Drone x7  
  58  7:18  Roach  
  60  7:24  Spine Crawler  
  60  7:25  Roach  
  60  7:27  Roach  
  60  7:29  Zergling x2  
  64  7:31  Zergling x2  
  64  7:33  Zergling x2  
  66  7:40  Zergling x4  
  68  7:50  Baneling  
  68  7:51  Baneling x3  
  68  7:52  Baneling x2  
  68  7:56  Drone x2  
  68  7:57  Drone x3  
  73  8:06  Spore Crawler  
  73  8:10  Overseer  
  73  8:12  Pneumatized Carapace  
  72  8:15  Overlord x3  
  72  8:20  Drone x3  
  72  8:21  Drone  
  76  8:49  Hydralisk x6  
  88  9:00  Hydralisk  
  88  9:01  Hydralisk x3  
  94  9:15  Hydralisk x2  
  94  9:16  Hydralisk x2  
  99  9:25  Hydralisk x2  
  90  9:41  Overlord x2  
  90  9:42  Overlord  
  90  9:44  Baneling x4  
  88  10:19  Hydralisk  
  88  10:20  Hydralisk x8  
  98  10:45  Hydralisk  
  98  10:49  Drone x5  
  105  10:50  Infestation Pit  
  105  10:54  Queen  
  106  10:57  Queen x2  
  110  11:04  Hydralisk  
  110  11:05  Hydralisk x5  
  122  11:17  Hydralisk x3  
  114  12:21  Overlord x2  
  114  12:27  Swarm Host x5  
  129  12:30  Roach  
  129  12:31  Overlord x2  
  129  12:39  Hydralisk  
  117  13:23  Swarm Host  
  117  13:24  Swarm Host x8  
  117  13:26  Overlord x5  
  140  13:34  Swarm Host x2  
  140  13:38  Extractor x2  
  144  13:45  Overlord x3  
  144  13:58  Swarm Host  
  165  14:26  Hydralisk x10  
  185  14:46  Spore Crawler  
  185  14:47  Spore Crawler  
  181  15:58  Hydralisk  
  181  15:59  Hydralisk x6  
  199  16:16  Nydus Network  
  194  16:25  Spine Crawler  
  189  16:27  Spine Crawler  
  189  16:30  Spine Crawler x2  
  189  16:32  Spine Crawler  
  177  16:36  Spine Crawler  
  177  16:38  Spine Crawler  
  172  16:40  Spine Crawler  
Tags
 
Add a new tag
Caveats
  • Supply blocks, unpowered buildings, or Contaminate may cause inaccurate times.
  • Supply counts are checked every 10 seconds.